 Dungeon Crawl Stone Soup version 0.30-a0-808-g6e0788376e (webtiles) character file.

Game seed: 7204155423076245297

61 cforsyth the Sneak (level 4, -3/27 HPs)
             Began as a Kobold Brigand on Feb 25, 2023.
             Slain by a gnoll
             ... wielding a +0 whip
              (6 damage)
             ... on level 3 of the Dungeon.
             The game lasted 00:01:35 (1762 turns).

cforsyth the Sneak (Kobold Brigand)                 Turns: 1762, Time: 00:01:35

Health: -3/27      AC:  5    Str:  6 (8)  XL:     4   Next: 27%
Magic:  4/4        EV: 15    Int: 10 (12) God:
Gold:   108        SH:  0    Dex: 16 (18) Spells: 3/3 levels left

rFire   . . .      SeeInvis .    a - +2 dagger
rCold   . . .      Faith    .    (no shield)
rNeg    . . .      Spirit   .    b - +0 robe
rPois   .          Reflect  .    (no helmet)
rElec   .          Harm     .    c - +0 cloak
rCorr   .          Rampage  .    (no gloves)
Will    .....                    (no boots)
Stlth   ++++                     (no amulet)
HPRegen 0.24/turn                (no ring)
MPRegen 0.09/turn                (no ring)

@: no status effects
A: small, no large weapons, nightstalker 3, iridescent scales 1
a: no special abilities


You were on level 3 of the Dungeon.
You visited 1 branch of the dungeon, and saw 4 of its levels.

You collected 108 gold pieces.

Inventory:

Hand Weapons
 a - a +2 dagger (weapon)
Missiles
 d - 13 poisoned darts (quivered)
 e - 3 curare-tipped darts
Armour
 b - a +0 robe (worn)
 c - a +0 cloak (worn)
Wands
 r - a wand of roots (1)
Scrolls
 f - 3 scrolls of teleportation {unknown}
 h - a scroll of blinking {unknown}
 i - a scroll of noise {unknown}
 k - a scroll of vulnerability {unknown}
 l - 2 scrolls of identify {unknown}
 m - a scroll of immolation {unknown}
 n - a scroll of amnesia {unknown}
 s - a scroll of poison {unknown}
Potions
 g - a potion of curing {unknown}
 j - a potion of magic {unknown}
 o - a potion of mutation
 q - a potion of lignification {unknown}


   Skills:
 + Level 2.9 Fighting
 + Level 3.5 Short Blades
 - Level 2.1 Throwing
 + Level 2.5 Dodging
 + Level 6.0 Stealth


You had 3 spell levels left.
You didn't know any spells.
Your spell library contained the following spells:

 Spells                   Type           Power      Damage    Failure   Level
 Apportation              Tloc           0%         N/A       36%         1
 Necrotise                Necr           0%         1d4       36%         1
 Summon Small Mammal      Summ           0%         N/A       36%         1


Dungeon Overview and Level Annotations

Branches:
Dungeon (4/15)
 Temple: D:4-7

Altars:

Annotations:
D:3 Sigmund


Innate Abilities, Weirdness & Mutations

You are small and have problems with some larger weapons.
You are completely attuned to the shadows.
You are partially covered in iridescent scales. (AC +2)


Message History

The hobgoblin shouts!
The gnoll hits you but does no damage.
A gnoll comes into view. It is wielding a +0 club.
Sigmund closely misses you.
You closely miss the gnoll. The gnoll hits you with a +0 whip!
Sigmund misses you. The gnoll attacks as you move away!
The gnoll closely misses you. The gnoll attacks as you move away!
The gnoll hits you with a +0 whip! The gnoll attacks as you move away!
The gnoll barely misses you.
You see here a +0 ring mail.
The gnoll attacks as you move away! The gnoll hits you with a +0 whip!
* * * LOW HITPOINT WARNING * * *
The gnoll attacks as you move away! The gnoll completely misses you.
You closely miss the gnoll. The gnoll hits you with a +0 whip.
* * * LOW HITPOINT WARNING * * *
You hit the gnoll.
The gnoll is moderately wounded.
The gnoll closely misses you.
You closely miss the gnoll.
The gnoll is moderately wounded.
The gnoll barely misses you.
You hit the gnoll but do no damage.
The gnoll is moderately wounded.
You hit the gnoll.
The gnoll is heavily wounded.
The gnoll barely misses you.
You hit the gnoll but do no damage.
The gnoll is heavily wounded.
The gnoll hits you with a +0 whip.
* * * LOW HITPOINT WARNING * * *
It was a potion of mutation.
You feel extremely strange.
Your bones become slightly less dense.
Your skeletal structure returns to normal.
Iridescent scales grow over part of your body.
The gnoll closely misses you.
It was a potion of degeneration.
There was something very wrong with that liquid.
You feel weakened.
You feel dopey.
You feel clumsy. The gnoll hits you with a +0 whip.
You die...

######...#.#
.........#[#
#######..#.#
#..#.# #..#.# ###
#..#.# #.#
####..#.# #.#
#.....#.# #.#
#@###.#.## #.#
#g# #..#.##
#.####g###.###.##
#..#..g...## ##.#
#..g.......###.##
##g#.######.#.##
# #.#.# ##.## ..
#.#.# ###
#..###g#.#


You could see 2 gnolls and a hobgoblin.

Vanquished Creatures
  A hound (D:4)
  A worm (D:2)
  4 orcs
  4 ball pythons
  An endoplasm (D:1)
  2 giant cockroaches (D:1)
  3 goblins
  2 hobgoblins (D:2)
  2 kobolds
  A quokka (D:4)
  4 rats
25 creatures vanquished.

Notes
Turn   | Place    | Note
-------+----------+-------------------------------------------
     0 | D:1      | cforsyth the Kobold Brigand began the quest for the Orb.
     0 | D:1      | Reached XP level 1. HP: 12/12 MP: 1/1
   163 | D:1      | Reached XP level 2. HP: 18/18 MP: 2/2
   182 | D:1      | Found a faded altar of an unknown god.
  1273 | D:2      | Reached XP level 3. HP: 22/22 MP: 3/3
  1328 | D:2      | You fall into a shaft and drop 2 floors!
  1443 | D:4      | Reached XP level 4. HP: 27/27 MP: 4/4
  1591 | D:4      | Noticed a phantom
  1606 | D:3      | Reached skill level 6 in Stealth
  1741 | D:3      | Noticed Sigmund
  1761 | D:3      | Gained mutation: You have a somewhat thin skeletal
                  | structure. (Dex +2, Stealth+) [potion of mutation]
  1761 | D:3      | Lost mutation: You have a somewhat thin skeletal structure.
                  | (Dex +2, Stealth+) [potion of mutation]
  1761 | D:3      | Gained mutation: You are partially covered in iridescent
                  | scales. (AC +2) [potion of mutation]
  1762 | D:3      | Slain by a gnoll

Illustrated notes

Levels and vault maps discovered:
D:1:      sevenhm_arrival_forest_fort_small_3, layout_basic,
          basic_ecumenical_altar, minmay_pentomino_s2
D:2:      layout_loops_ring
D:3:      layout_loops_ring, nicolae_hepliaklqana_hippocampus, uniq_sigmund,
          uniq_robin, uniq_grinder
D:4:      minmay_door_path, layout_basic, tgw_xom, dancing_weapons_uskayaw,
          uniq_duvessa, uniq_menkaure, uniq_edmund, uniq_crazy_yiuf_cottage

Skill      XL: |  1  2  3  4 |
---------------+-------------+-----
Short Blades   | 3 |  3.5
Dodging        | 2 |  2.5
Stealth        | 6 |  6.0
Fighting       | |  2.9
Throwing       | |  2.1

Action                     |  1- 3 |  4- 6 || total
---------------------------+-------+-------++-------
  Melee: Dagger            |    47 |    28 ||    75
    Use: Potion            |       |     2 ||     2
   Stab: Sleeping          |    12 |     1 ||    13
 Armour: Robe              |     2 |     3 ||     5
  Dodge: Dodged            |    15 |    22 ||    37

Table legend: (Time is in decaauts)
 A = Elapsed time spent in this place.
 B = Non-inter-level travel time spent in this place.
 C = Inter-level travel time spent in this place.
 D = Time resting spent in this place.
 E = Time spent auto-exploring this place.
 F = Levels seen in this place.
 G = Mean time per level.
                   A        B        C        D        E       F      G
               +--------+--------+--------+--------+--------+-----+--------+
         Total |   1749 |   1721 |     28 |     27 |   1455 |   4 |  437.2 |
       Dungeon |   1749 |   1721 |     28 |     27 |   1455 |   4 |  437.2 |
               +--------+--------+--------+--------+--------+-----+--------+

Top non-repeatable levels by time:
     D:1: 771 daAuts
     D:2: 552 daAuts
     D:4: 269 daAuts
     D:3: 156 daAuts
